Map: New Richmond

Players

Loken - Winner!

  • Race: Zerg Zerg
  • League: Platinum
  • Spawn Location: 6:00

Fimp

  • Race: Terran Terran
  • Spawn Location: 12:00

dallaskuken - Winner!

  • Race: Protoss Protoss
  • League: Platinum
  • Spawn Location: 5:00

Myran - Winner!

  • Race: Protoss Protoss
  • Spawn Location: 7:00

Natiking

  • Race: Protoss Protoss
  • Spawn Location: 11:00

Pelden

  • Race: Zerg Zerg
  • Spawn Location: 3:00

VOD

Have the link to the VOD?

Description

Time

  • Played on: April 10, 2017, 5:42 p.m.
  • Length: 11:46
Show
View Real Time Build Order
Export as new Build Order

Loken Zerg - Winner!

Build Orders: Hatch First 

Get SALT Encoding   

  12  0:02  Drone  
  13  0:10  Drone  
  14  0:18  Overlord  
  14  0:39  Drone x2  
  14  0:40  Drone  
  17  0:55  Hatchery  
  17  0:57  Drone  
  17  1:07  Drone  
  18  1:19  Spawning Pool  
  17  1:25  Drone  
  17  1:27  Drone  
  19  1:35  Extractor  
  18  1:42  Overlord  
  18  2:01  Drone x2  
  20  2:09  Queen x2  
  20  2:15  Drone x2  
  26  2:32  Zergling x2  
  26  2:33  Zergling x6  
  30  2:39  Metabolic Boost  
  30  2:50  Zergling x8  
  34  3:19  Drone x2  
  36  3:20  Overlord x2  
  36  3:26  Extractor  
  35  3:36  Extractor  
  35  3:37  Extractor  
  35  3:40  Hatchery, Lair  
  32  3:43  Drone  
  32  3:44  Drone x4  
  32  3:46  Drone  
  38  3:50  Drone x2  
  38  3:51  Drone  
  41  3:57  Spore Crawler  
  41  4:00  Spore Crawler  
  37  4:31  Drone  
  37  4:32  Drone x10  
  47  4:50  Drone x2  
  47  4:51  Drone x4  
  48  5:11  Queen  
  50  5:28  Overlord x2  
  50  5:29  Overlord x2  
  50  5:32  Hatchery  
  50  5:35  Evolution Chamber  
  48  5:36  Evolution Chamber  
  48  5:38  Hydralisk Den  
  48  5:40  Drone x4  
  48  5:41  Drone x3, Spire  
  52  5:47  Spine Crawler  
  52  5:49  Spine Crawler  
  50  5:53  Pneumatized Carapace  
  50  6:06  Zerg Melee Weapons Level 1  
  50  6:07  Zerg Ground Armor Level 1  
  50  6:12  Drone x4  
  54  6:26  Hydralisk x6  
  66  6:36  Evolution Chamber  
  65  6:43  Infestation Pit, Muscular Augments  
  64  6:54  Drone  
  64  6:55  Drone x10  
  75  7:15  Queen  
  75  7:19  Queen  
  79  7:23  Zergling x2  
  79  7:24  Zergling x22  
  91  7:41  Zerg Missile Weapons Level 1  
  91  7:43  Overlord x4  
  91  7:48  Hive  
  91  8:19  Overseer  
  91  8:34  Hydralisk  
  91  8:35  Hydralisk x13  
  91  8:36  Hydralisk x4  
  127  8:45  Zerg Melee Weapons Level 2  
  127  8:58  Drone x2, Extractor  
  127  9:00  Extractor, Overlord  
  127  9:01  Overlord x4  
  127  9:27  Hydralisk x6  
  127  9:28  Hydralisk x4  
  147  10:08  Hydralisk x4  
  147  10:09  Hydralisk x6  
  147  10:11  Overlord  
  147  10:12  Overlord x4  
  160  10:51  Corruptor  
  160  10:52  Corruptor x6  
Show
View Real Time Build Order
Export as new Build Order

Fimp Terran 

Build Orders: MMM Bio 

Get SALT Encoding   

  12  0:01  SCV  
  13  0:13  SCV  
  14  0:27  SCV  
  15  0:31  Supply Depot  
  15  0:53  SCV  
  15  0:57  Barracks  
  16  1:13  Command Center  
  16  1:21  SCV  
  17  1:39  SCV  
  18  1:43  Marine  
  19  1:49  Refinery  
  19  1:54  Barracks x2  
  19  2:02  Orbital Command  
  19  2:11  Supply Depot  
  17  3:07  SCV  
  17  3:12  Marine x3  
  21  3:23  SCV, Refinery  
  22  3:37  Marine x2  
  22  3:38  Marine  
  22  3:40  Orbital Command  
  25  3:42  SCV  
  26  3:56  SCV  
  27  4:08  Command Center  
  27  4:19  Marine  
  27  4:20  Marine x2  
  29  4:35  SCV x2  
  31  4:39  Marine x3  
  28  4:58  Marine x3  
  27  5:05  SCV x2  
  28  5:16  Marine x2  
  28  5:18  Barracks Reactor  
  30  5:25  Barracks  
  30  5:28  Barracks  
  30  5:32  Factory  
  30  5:34  SCV  
  30  5:35  SCV  
  33  5:36  Orbital Command, Engineering Bay  
  33  5:42  Marine x2  
  35  5:50  SCV x2, Refinery  
  36  5:57  Marine x2  
  36  6:00  Barracks Tech Lab  
  36  6:02  Barracks Reactor  
  38  6:07  SCV x3  
  41  6:13  Barracks Reactor  
  41  6:15  Marine x2  
  43  6:19  Starport  
  43  6:25  Factory Reactor  
  43  6:42  Barracks Reactor  
  43  6:44  Stimpack  
  43  6:48  SCV x3  
  43  6:52  Terran Infantry Weapons Level 1  
  46  6:57  Marine x5  
  50  7:14  Marine  
  49  7:18  Marine x2  
  49  7:19  Marine x6  
  57  7:31  Supply Depot  
  57  7:32  Marine  
  57  7:35  SCV x3  
  57  7:36  Supply Depot  
  57  7:37  Factory Reactor  
  61  7:53  Marine x8  
  61  7:57  Marine, Supply Depot  
  61  7:58  Supply Depot  
  70  8:01  SCV x3  
  64  8:13  Marine x5  
  64  8:14  Marine x3  
  64  8:15  Marine  
  73  8:25  Medivac x2  
  77  8:28  Cyclone  
  77  8:29  Cyclone  
  77  8:30  SCV x2  
  77  8:31  SCV  
  77  8:32  Marine x7  
  93  8:45  Combat Shields  
  93  8:46  Terran Infantry Armor Level 1  
  93  9:04  Marine x2  
  93  9:05  SCV, Marine  
  93  9:06  Marine x3  
  93  9:07  Marine x2  
  93  9:08  SCV x2, Marine  
  87  9:15  Cyclone  
  87  9:16  Medivac x2, Cyclone  
  89  9:22  Marine x2  
  89  9:23  Marine  
  91  10:02  Marine  
  91  10:03  Marine x2  
  91  10:05  Marine x2  
  93  10:07  Marine  
  93  10:17  Marine x2  
  93  10:18  Unknown, Marine  
  93  10:19  Medivac  
  93  10:20  Marine x2, Cyclone  
  93  10:22  Medivac  
  93  10:25  Marine x2, Cyclone  
  93  10:26  Marine  
  93  10:27  Marine  
  88  10:45  Supply Depot  
  88  10:46  Supply Depot  
  88  11:07  Marine x2, Medivac x2  
  88  11:09  Supply Depot x2  
  94  11:12  Supply Depot  
  94  11:13  Marine x3  
  94  11:14  Unknown, Supply Depot  
  94  11:15  Marine  
  94  11:16  Marine  
  87  11:25  Marine x2  
  62  11:36  Supply Depot  
  62  11:38  Supply Depot  
Show
View Real Time Build Order
Export as new Build Order

dallaskuken Protoss - Winner!

Build Orders: 1 Gate Expand, Oracle Opening, Carrier Rush 

Get SALT Encoding   

  12  0:01  Probe (Chrono Boost)  
  13  0:12  Probe (Chrono Boost)  
  14  0:18  Pylon  
  14  0:25  Probe (Chrono Boost)  
  15  0:37  Gateway  
  15  0:39  Probe (Chrono Boost)  
  17  0:50  Probe (Chrono Boost)  
  17  1:11  Nexus  
  17  1:14  Probe (Chrono Boost)  
  18  1:28  Cybernetics Core  
  18  1:30  Assimilator  
  18  1:31  Probe (Chrono Boost)  
  19  1:43  Assimilator  
  19  1:48  Pylon  
  19  2:02  Probe (Chrono Boost)  
  20  2:13  Probe (Chrono Boost)  
  21  2:23  Probe (Chrono Boost)  
  21  2:29  Probe (Chrono Boost)  
  23  2:34  Probe (Chrono Boost)  
  23  2:35  Stargate  
  24  2:40  Probe (Chrono Boost)  
  25  2:45  Probe (Chrono Boost)  
  25  2:50  Probe (Chrono Boost)  
  27  3:00  Probe (Chrono Boost)  
  27  3:01  Probe (Chrono Boost)  
  29  3:07  Assimilator  
  29  3:10  Probe (Chrono Boost)  
  29  3:11  Assimilator, Probe (Chrono Boost)  
  31  3:16  Oracle  
  34  3:21  Probe (Chrono Boost)  
  34  3:22  Probe (Chrono Boost)  
  36  3:32  Probe (Chrono Boost)  
  36  3:33  Probe (Chrono Boost)  
  38  3:38  Pylon  
  38  3:40  Pylon  
  38  3:42  Pylon  
  38  3:43  Probe (Chrono Boost)  
  39  3:53  Probe (Chrono Boost), Fleet Beacon  
  40  4:04  Probe (Chrono Boost)  
  41  4:14  Probe (Chrono Boost)  
  39  4:25  Probe (Chrono Boost)  
  40  4:32  Stargate  
  40  4:35  Stargate, Probe (Chrono Boost)  
  41  4:38  Stargate  
  41  4:41  Carrier  
  41  4:46  Probe (Chrono Boost)  
  48  4:56  Probe (Chrono Boost)  
  48  4:58  Mothership Core (Chrono Boost)  
  51  5:07  Probe (Chrono Boost)  
  51  5:13  Nexus  
  52  5:17  Assimilator  
  52  5:18  Assimilator, Probe (Chrono Boost)  
  60  5:28  Probe (Chrono Boost)  
  60  5:33  Pylon  
  60  5:35  Pylon  
  60  5:36  Pylon  
  60  5:37  Pylon  
  60  5:45  Carrier  
  66  6:02  Carrier  
  72  6:27  Probe (Chrono Boost)  
  72  6:30  Carrier  
  79  6:35  Carrier  
  79  6:37  Probe (Chrono Boost)  
  86  6:48  Probe (Chrono Boost)  
  87  6:58  Probe (Chrono Boost)  
  88  7:09  Probe (Chrono Boost)  
  88  7:10  Carrier  
  95  7:19  Probe (Chrono Boost)  
  95  7:22  Protoss Air Weapons Level 1  
  96  7:28  Carrier  
  102  7:30  Probe (Chrono Boost)  
  103  7:40  Probe (Chrono Boost)  
  103  7:41  Pylon  
  103  7:42  Pylon  
  103  7:43  Pylon  
  104  7:45  Pylon  
  104  7:47  Pylon  
  104  8:00  Carrier  
  104  8:02  Cybernetics Core  
  109  8:10  Carrier  
  115  8:40  Carrier  
  121  8:53  Carrier  
  127  8:56  Protoss Air Armor Level 1  
  127  9:00  Probe (Chrono Boost)  
  128  9:10  Probe (Chrono Boost)  
  121  9:21  Probe (Chrono Boost)  
  121  9:22  Protoss Air Weapons Level 2  
  122  9:25  Carrier  
Show
View Real Time Build Order
Export as new Build Order

Myran Protoss - Winner!

Build Orders: Cannon Rush 

Get SALT Encoding   

  12  0:01  Probe (Chrono Boost)  
  13  0:16  Probe (Chrono Boost)  
  14  0:26  Pylon  
  14  0:30  Probe (Chrono Boost)  
  15  0:44  Probe (Chrono Boost)  
  15  0:46  Forge  
  16  0:54  Probe (Chrono Boost)  
  17  1:02  Pylon  
  17  1:06  Probe (Chrono Boost)  
  18  1:15  Gateway  
  18  1:23  Photon Cannon  
  18  1:28  Photon Cannon  
  18  1:46  Photon Cannon  
  18  1:53  Probe (Chrono Boost)  
  19  2:02  Pylon  
  19  2:04  Probe (Chrono Boost)  
  20  2:14  Probe (Chrono Boost)  
  21  2:17  Nexus  
  21  2:22  Photon Cannon  
  21  2:31  Photon Cannon  
  21  2:50  Photon Cannon  
  21  2:58  Probe (Chrono Boost)  
  22  3:07  Pylon  
  22  3:08  Probe (Chrono Boost)  
  23  3:13  Pylon  
  23  3:18  Cybernetics Core  
  23  3:19  Probe (Chrono Boost)  
  24  3:20  Pylon  
  24  3:22  Assimilator  
  24  3:30  Probe (Chrono Boost)  
  24  3:33  Photon Cannon  
  25  3:40  Photon Cannon  
  25  3:50  Zealot, Probe (Chrono Boost)  
  28  4:02  Assimilator  
  28  4:06  Photon Cannon  
  28  4:10  Photon Cannon  
  28  4:13  Probe (Chrono Boost)  
  28  4:16  Probe (Chrono Boost)  
  30  4:27  Probe (Chrono Boost)  
  31  4:36  Probe (Chrono Boost)  
  32  4:39  Probe (Chrono Boost)  
  32  4:43  Assimilator  
  33  4:48  Assimilator  
  33  4:49  Probe x2 (Chrono Boost)  
  33  4:50  Photon Cannon  
  35  5:00  Probe (Chrono Boost)  
  35  5:06  Stargate  
  36  5:07  Probe (Chrono Boost)  
  36  5:11  Probe (Chrono Boost)  
  38  5:17  Protoss Air Weapons Level 1  
  38  5:18  Probe (Chrono Boost)  
  40  5:21  Probe (Chrono Boost)  
  40  5:29  Pylon  
  40  5:32  Probe (Chrono Boost)  
  41  5:42  Probe (Chrono Boost)  
  42  5:43  Nexus  
  42  5:51  Photon Cannon x2  
  42  6:04  Zealot  
  44  6:09  Fleet Beacon  
  44  6:17  Pylon  
  44  6:20  Pylon  
  44  6:24  Pylon  
  44  6:26  Probe (Chrono Boost)  
  44  6:28  Probe (Chrono Boost)  
  46  6:34  Pylon  
  46  6:39  Probe (Chrono Boost)  
  47  6:45  Photon Cannon  
  47  6:48  Photon Cannon  
  47  6:49  Probe (Chrono Boost)  
  47  6:50  Carrier  
  48  6:56  Pylon  
  48  7:00  Probe (Chrono Boost)  
  55  7:07  Probe (Chrono Boost)  
  56  7:10  Probe (Chrono Boost)  
  57  7:17  Probe (Chrono Boost)  
  57  7:21  Probe (Chrono Boost)  
  59  7:28  Probe (Chrono Boost)  
  60  7:31  Stargate  
  60  7:32  Protoss Air Weapons Level 2, Stargate  
  60  7:36  Graviton Catapult  
  60  7:38  Probe (Chrono Boost)  
  60  7:40  Probe (Chrono Boost)  
  62  7:46  Probe (Chrono Boost)  
  63  7:53  Probe (Chrono Boost)  
  63  7:56  Probe (Chrono Boost)  
  65  7:59  Assimilator  
  65  8:01  Assimilator  
  65  8:04  Probe (Chrono Boost)  
  66  8:05  Carrier  
  66  8:14  Photon Cannon, Probe (Chrono Boost)  
  66  8:15  Carrier  
  66  8:18  Carrier  
  79  8:23  Photon Cannon  
  79  8:25  Probe x2 (Chrono Boost)  
  87  8:35  Probe (Chrono Boost)  
  88  8:42  Pylon  
  88  8:45  Pylon  
  88  8:46  Probe (Chrono Boost)  
  89  8:49  Pylon  
  89  8:52  Pylon  
  89  8:56  Cybernetics Core  
  89  8:57  Probe (Chrono Boost)  
  90  9:07  Probe (Chrono Boost)  
  91  9:20  Carrier  
  91  9:28  Probe (Chrono Boost)  
  92  9:33  Protoss Air Armor Level 1  
  92  9:34  Carrier  
  92  9:35  Protoss Shields Level 1  
  92  9:36  Carrier  
  98  9:41  Probe (Chrono Boost)  
  98  9:43  Stargate  
  112  9:53  Probe (Chrono Boost)  
  112  9:56  Pylon  
  112  10:01  Pylon  
  112  10:03  Pylon  
  112  10:06  Pylon  
  112  10:09  Pylon  
  112  10:12  Pylon  
Show
View Real Time Build Order
Export as new Build Order

Natiking Protoss 

Build Orders:  

Get SALT Encoding   

  12  0:02  Probe (Chrono Boost)  
  13  0:13  Probe (Chrono Boost)  
  14  0:23  Probe (Chrono Boost)  
  15  0:32  Pylon  
  15  0:43  Pylon  
  15  0:48  Assimilator  
  15  0:50  Probe (Chrono Boost)  
  16  1:01  Probe (Chrono Boost)  
  17  1:08  Gateway  
  18  1:11  Probe (Chrono Boost)  
  18  1:22  Probe (Chrono Boost)  
  19  1:29  Forge  
  19  1:32  Probe (Chrono Boost)  
  20  1:43  Probe (Chrono Boost)  
  21  1:49  Pylon  
  21  1:58  Pylon  
  21  2:05  Cybernetics Core  
  21  2:13  Photon Cannon  
  21  2:16  Zealot  
  21  2:21  Probe (Chrono Boost)  
  24  2:35  Nexus  
  24  2:43  Photon Cannon  
  24  2:52  Stargate  
  24  2:58  Zealot  
  26  3:10  Probe (Chrono Boost)  
  27  3:18  Photon Cannon  
  27  3:23  Probe (Chrono Boost)  
  27  3:25  Warp Gate, Zealot  
  30  3:38  Void Ray  
  35  3:41  Probe (Chrono Boost)  
  36  3:48  Probe (Chrono Boost)  
  36  3:52  Zealot  
  38  3:57  Gateway  
  38  4:02  Pylon  
  38  4:09  Assimilator  
  38  4:13  Probe (Chrono Boost)  
  39  4:20  Zealot  
  41  4:30  Probe (Chrono Boost)  
  42  4:33  Probe (Chrono Boost)  
  43  4:40  Probe (Chrono Boost)  
  43  4:43  Probe (Chrono Boost)  
  45  4:46  Zealot  
  45  4:47  Zealot  
  49  4:56  Probe (Chrono Boost)  
  50  5:14  Stargate  
  50  5:18  Fleet Beacon  
  50  5:20  Probe (Chrono Boost)  
  52  5:21  Probe (Chrono Boost)  
  52  5:31  Assimilator  
  52  5:32  Probe (Chrono Boost)  
  52  5:34  Void Ray  
  57  5:36  Zealot x2  
  57  5:41  Pylon  
  57  5:42  Probe (Chrono Boost)  
  62  5:53  Probe (Chrono Boost)  
  63  6:00  Zealot x2  
  63  6:03  Probe (Chrono Boost)  
  68  6:08  Graviton Catapult  
  68  6:14  Assimilator  
  68  6:22  Carrier, Zealot  
  68  6:24  Zealot  
  72  6:28  Pylon  
  72  6:30  Pylon  
  78  6:47  Probe (Chrono Boost)  
  80  6:54  Probe (Chrono Boost)  
  80  6:57  Probe (Chrono Boost)  
  81  7:01  Carrier  
  88  7:09  Probe (Chrono Boost)  
  88  7:12  Zealot x2  
  92  7:32  Stargate  
  92  7:33  Probe (Chrono Boost)  
  93  7:44  Probe (Chrono Boost)  
  94  7:46  Pylon  
  94  7:48  Pylon  
  94  7:51  Photon Cannon  
  94  7:54  Carrier  
  100  8:11  Carrier  
  106  8:40  Pylon  
  106  8:42  Pylon  
  106  8:48  Carrier  
  112  9:49  Carrier  
  88  10:29  Zealot x2  
  90  10:48  Gateway x2  
Show
View Real Time Build Order
Export as new Build Order

Pelden Zerg 

Build Orders: Hatch First 

Get SALT Encoding   

  12  0:02  Drone  
  13  0:12  Overlord  
  13  0:17  Drone  
  14  0:30  Drone x2  
  16  0:43  Drone  
  16  0:45  Drone  
  18  0:59  Hatchery  
  18  1:00  Drone  
  18  1:15  Drone  
  19  1:27  Spawning Pool, Drone  
  19  1:54  Drone x3  
  21  1:59  Extractor  
  21  2:11  Drone  
  22  2:21  Drone  
  22  2:22  Zergling x2  
  24  2:26  Zergling x2  
  25  2:30  Zergling x2  
  26  2:44  Zergling x4  
  28  2:52  Overlord  
  28  2:57  Zergling x2  
  27  3:09  Overlord  
  27  3:10  Overlord  
  27  3:12  Drone x2  
  29  3:13  Queen x2  
  29  3:16  Metabolic Boost  
  33  3:28  Drone x2  
  33  3:30  Drone  
  36  3:39  Drone  
  36  3:40  Drone  
  38  3:52  Drone  
  38  3:53  Drone  
  40  3:58  Extractor  
  40  3:59  Lair  
  39  4:05  Hatchery  
  39  4:09  Drone x2  
  36  4:23  Zergling x2  
  36  4:24  Zergling x6  
  33  4:28  Zergling x2  
  33  4:29  Zergling x4  
  33  4:34  Zergling x4  
  23  4:47  Drone  
  23  4:51  Drone, Roach Warren  
  24  4:53  Drone  
  24  4:55  Drone x3  
  28  5:08  Drone  
  28  5:10  Drone x3  
  32  5:15  Drone  
  33  5:22  Drone x2  
  35  5:28  Queen  
  35  5:30  Drone  
  35  5:31  Drone x2  
  35  5:32  Queen  
  35  5:35  Drone  
  43  5:36  Glial Reconstitution  
  43  5:42  Drone  
  44  5:43  Drone  
  44  5:48  Drone x2  
  47  5:57  Infestation Pit  
  47  6:00  Drone x2  
  48  6:05  Drone x3  
  51  6:13  Extractor  
  51  6:15  Extractor  
  51  6:17  Roach  
  51  6:18  Roach x3  
  58  6:25  Drone  
  58  6:31  Overlord x3  
  58  6:36  Overseer  
  58  6:42  Overlord  
  51  7:16  Drone  
  51  7:17  Drone  
  51  7:18  Drone x2  
  51  7:19  Drone x2  
  57  7:23  Hive  
  57  7:36  Drone  
  58  7:38  Overlord  
  58  7:39  Overlord  
  58  7:40  Roach x3  
  64  7:45  Hatchery  
  63  8:26  Spire  
  57  9:03  Drone  
  57  9:04  Extractor  
  56  9:47  Spawning Pool  
  53  11:23  Roach Warren  
Tags
 
Add a new tag
Caveats
  • Supply blocks, unpowered buildings, or Contaminate may cause inaccurate times.
  • Supply counts are checked every 10 seconds.